 Dungeon Crawl Stone Soup version 0.18.1-50-g88ac8fd (webtiles) character file.

18748 mopl the Carver (level 12, -9/62 HPs)
             Began as a Vine Stalker Warper on May 21, 2017.
             Was the Champion of Pakellas.
             Killed from afar by a necromancer (15 damage)
             ... with a wand of lightning
             ... in an ice cave.
             The game lasted 00:38:22 (12156 turns).

mopl the Carver (Vine Stalker Warper)              Turns: 12156, Time: 00:38:23

Health: -9/62      AC: 11    Str: 16    XL:     12   Next: 61%
Magic:  0/12       EV: 12    Int: 13    God:    Pakellas [******]
Gold:   750        SH:  0    Dex: 17    Spells: 5 memorised, 3 levels left

rFire  + + .     SeeInvis .     a - +0 long sword
rCold  + . .     Gourm    .     I - +0 troll leather armour
rNeg   + . .     Faith    .     (no shield)
rPois  +         Spirit   +     B - +0 helmet
rElec  .         Dismiss  .     y - +2 cloak {MR+}
rCorr  .         Reflect  .     (no gloves)
SustAt .         Harm     .     M - +2 pair of boots
MR     ++...                    U - amulet of Royalty {+Rage rPois rF++ rC+ MP-9}
Stlth  ++++......               E - ring of positive energy
                                o - ring of wizardry

@: very resistant to hostile enchantments, stealthy
A: fangs 3, regeneration 3, magic shield, antimagic bite, no device heal 3, rot
immunity
a: Quick Charge, Device Surge, Supercharge, Renounce Religion, Evoke Berserk
Rage


You were in an ice cave.
You worshipped Pakellas.
Pakellas was exalted by your worship.
You were not hungry.

You visited 2 branches of the dungeon, and saw 13 of its levels.
You also visited: Sewer and Ice Cave.

You collected 750 gold pieces.

Inventory:

Hand Weapons
 a - a +0 long sword (weapon)
 b - a +1 dagger of venom
Missiles
 e - 5 tomahawks of dispersal
 z - 8 tomahawks (quivered)
 J - 2 curare-tipped needles
 Y - a throwing net
Armour
 y - a +2 cloak of magic resistance (worn)
 B - a +0 helmet (worn)
 I - a +0 troll leather armour (worn)
 M - a +2 pair of boots (worn)
 Z - a +0 shield
Rods
 X - a +6 lightning rod (9/9)
   (Pakellas gifted it to you on level 8 of the Dungeon)
Jewellery
 o - a ring of wizardry (left hand)
 E - a ring of positive energy (right hand)
 U - the amulet of Royalty (around neck) {+Rage rPois rF++ rC+ MP-9}
   (You found it on level 5 of the Dungeon)

   [amulet of rage]

   It greatly protects you from fire.
   It protects you from cold.
   It protects you from poison.
   It affects your magic capacity (-9).
   It lets you go berserk.
Wands
 j - a wand of confusion (24/48)
 n - a wand of iceblast (7/15)
 q - a wand of lightning (10/15)
 r - a wand of digging (7/24)
 x - a wand of teleportation (5/9)
 F - a wand of iceblast (4/15)
 N - a wand of iceblast (9/15)
 R - a wand of iceblast (8/15)
 S - a wand of paralysis (21/24)
 V - a wand of slowing (29/48)
Scrolls
 c - a scroll of recharging {unknown}
 d - a scroll of blinking
 k - 2 scrolls of magic mapping
 l - 3 scrolls of fog
 m - 5 scrolls of teleportation {unknown}
 s - 3 scrolls of enchant weapon {unknown}
 t - 7 scrolls of remove curse
 D - a scroll of amnesia {unknown}
 G - a scroll of immolation {unknown}
 H - a scroll of brand weapon {unknown}
 O - a scroll of summoning {unknown}
 T - 3 scrolls of fear {unknown}
Potions
 g - a potion of invisibility
 h - 3 potions of flight
 i - 5 potions of might
 u - a potion of resistance
 v - 4 potions of cancellation
 A - 7 potions of curing
 K - a potion of ambrosia
 P - 2 potions of haste
 W - 4 potions of magic
Miscellaneous
 p - 2 phantom mirrors
 w - a disc of storms
 L - a sack of spiders
Comestibles
 f - 8 bread rations
 C - a meat ration


   Skills:
 + Level 6.9 Fighting
 * Level 11.6 Long Blades
 - Level 0.8 Throwing
 - Level 0.7 Armour
 - Level 1.5 Dodging
 + Level 8.8 Stealth
 + Level 4.3 Shields
 - Level 2.1 Spellcasting
 - Level 3.0 Translocations
 * Level 10.8 Evocations


You had 3 spell levels left.
You knew the following spells:

 Your Spells              Type           Power        Failure   Level  Hunger
a - Apportation           Tloc           #.........   4%          1    ##.....
c - Corpse Rot            Necr           N/A          21%         2    ###....
e - Blink                 Tloc           N/A          6%          2    ###....
p - Portal Projectile     Tloc           #.....       12%         3    ####...
P - Passage of Golubria   Tloc           N/A          52%         4    #####..


Dungeon Overview and Level Annotations

Branches:
Dungeon (11/15)            Temple (0/1) D:6            Lair (2/8) D:8
    Orc (0/2) D:11

Altars:
Ashenzari
Cheibriados
Dithmenos
Elyvilon
Fedhas
Nemelex Xobeh
Pakellas
Sif Muna
Trog
Zin

Shops:
D:8 *

Annotations:
D:10 UH


Innate Abilities, Weirdness & Mutations

You have razor-sharp teeth.
You regenerate.
When hurt, damage is shared between your health and your magic reserves.
Your bite disrupts and absorbs the magic of your enemies.
Potions and wands cannot restore your health.
You are immune to rotting.


Message History

The troll simulacrum freezes you. You resist.
You are too injured to fight recklessly!
Evoke which item? (* to show all) (? for menu, Esc to quit)
Zapping:
S - a wand of paralysis (22/24)
Press: ? - help, Shift-Dir - straight line, f - troll simulacrum
Aim: a troll simulacrum (chance to defeat MR: 76%)
The troll simulacrum suddenly stops moving!
This wand has 21 charges left.
Unknown command.
You hear a zap.
A bolt of lightning appears from out of thin air!
The bolt of lightning hits you!
* * * LOW HITPOINT WARNING * * *
The bolt of lightning hits you!
* * * LOW HITPOINT WARNING * * *
You hear a zap.
A bolt of lightning appears from out of thin air!
The bolt of lightning hits you!
You die...
Pakellas says: Good help is so hard to find these days!

###### ###.##.##
######
##..@....######....##
#...##.#...##....#...
##....#####....#####..
##.....^## ##.### ###
#........## ### ##.
###.........# ###..
#....####..Z##
####....
#...##::##ZZ.#
#.).....
##..#./=.#..##
#(......


There were no monsters in sight!

Vanquished Creatures
  2 hydras (Lair:2)
  The ghost of Turgon the Martial Artist, a journeyman HuTm of Cheibriados (IceCv)
  The ghost of PeterLawrence the Basher, a novice MiFi of Okawaru (D:6)
  A hill giant (D:11)
  Pikel (D:7)
  A black mamba (Lair:2)
  An ice statue (IceCv)
  Joseph (D:7)
  2 spiny frogs
  6 komodo dragons
  10 freezing wraiths (IceCv)
  A troll (D:10)
  A wolf spider simulacrum (IceCv)
  Prince Ribbit (D:7)
  Sigmund (D:6)
  6 yaks (Lair:2)
  A fire elemental (Lair:2)
  A death yak simulacrum (IceCv)
  A hippogriff (D:7)
  4 water moccasins
  5 porcupines
  7 ice beasts
  4 orc warriors
  3 slaves (D:7)
  2 sky beasts (D:11)
  An alligator simulacrum (IceCv)
  A necrophage (D:7)
  3 phantoms
  5 ogres
  5 centaurs
  A crocodile (Lair:2)
  3 big kobolds
  Blork the orc (D:4)
  9 giant frogs
  A gnoll sergeant (D:8)
  3 scorpions
  6 killer bees (D:7)
  6 howler monkeys (D:8)
  7 wights
  A centaur zombie (D:5)
  2 crimson imps
  A lava snake (Lair:2)
  2 giant frog zombies
  4 draconian simulacra (IceCv)
  A jelly (D:10)
  A hound (D:8)
  5 orc priests
  Crazy Yiuf (D:2)
  11 orc wizards
  Jessica (D:2)
  7 iguanas
  5 worker ants
  A giant frog skeleton (D:4)
  Natasha (thrice) (D:4 D:7)
  A polar bear simulacrum (IceCv)
  A troll simulacrum (IceCv)
  7 sheep (Lair:2)
  4 centaur simulacra (IceCv)
  A hound zombie (D:9)
  Robin (D:2)
  6 gnolls (D:8)
  10 adders
  A howler monkey skeleton (D:5)
  4 naga simulacra (IceCv)
  55 river rats
  4 ogre simulacra (IceCv)
  4 shadow imps
  12 white imps (IceCv)
  An ooze (D:4)
  3 adder skeletons (D:4)
  An adder zombie (D:5)
  A worm (D:2)
  4 giant geckos
  36 orcs
  5 bats
  8 giant cockroaches
  6 hobgoblins
  6 jackals (D:7)
  30 kobolds
  7 quokkas
  4 ball pythons
  12 giant newts
  14 goblins
  A jackal skeleton (D:8)
  A quokka skeleton (D:5)
  2 quokka zombies
  29 rats
  2 plants (Lair:1)
447 creatures vanquished.

Vanquished Creatures (others)
  A slave (D:7)
  A worker ant (D:7)
  2 fungi
4 creatures vanquished.

Grand Total: 451 creatures vanquished

Notes
Turn   | Place    | Note
--------------------------------------------------------------
     0 | D:1      | mopl the Vine Stalker Warper began the quest for the Orb.
     0 | D:1      | Reached XP level 1. HP: 11/11 MP: 4/4
   207 | D:1      | Reached skill level 2 in Long Blades
   406 | D:1      | Reached XP level 2. HP: 13/15 MP: 4/6
   636 | D:1      | You fall through a shaft!
   702 | D:2      | Learned a level 2 spell: Blink
   713 | D:2      | Found a faded altar to an unknown god.
   721 | D:2      | Noticed Robin
   762 | D:1      | Reached skill level 3 in Long Blades
   946 | D:1      | Reached XP level 3. HP: 18/18 MP: 7/7
  1005 | D:2      | Learned a level 3 spell: Portal Projectile
  1009 | D:2      | Noticed Jessica
  1017 | D:2      | Killed Jessica
  1118 | D:2      | Noticed Crazy Yiuf
  1141 | D:2      | Killed Crazy Yiuf
  1141 | D:2      | Reached skill level 4 in Long Blades
  1141 | D:2      | Reached XP level 4. HP: 12/23 MP: 4/8
  1215 | D:2      | Killed Robin
  1563 | D:2      | Found a blossoming altar of Fedhas.
  1775 | D:3      | Reached XP level 5. HP: 26/26 MP: 9/9
  1791 | D:3      | Found an oddly glowing altar of Pakellas.
  1813 | D:3      | Became a worshipper of Pakellas the Inventive
  1957 | D:3      | Found a bloodstained altar of Trog.
  2118 | D:3      | Reached skill level 1 in Evocations
  2188 | D:4      | Reached skill level 5 in Long Blades
  2216 | D:4      | Gained mutation: You heal very quickly. [Vine Stalker growth]
  2216 | D:4      | Reached XP level 6. HP: 29/30 MP: 10/10
  2255 | D:4      | Found a shadowy altar of Dithmenos.
  2255 | D:4      | Noticed a phantom
  2302 | D:4      | Killed a phantom
  2302 | D:4      | Reached skill level 2 in Evocations
  2352 | D:4      | Noticed a water moccasin
  2369 | D:4      | Killed a water moccasin
  2458 | D:4      | Reached * piety under Pakellas
  2458 | D:4      | Received a gift from Pakellas
  2458 | D:4      | Reached skill level 3 in Evocations
  2458 | D:4      | Reached XP level 7. HP: 34/34 MP: 11/11
  2470 | D:4      | Learned a level 4 spell: Passage of Golubria
  2548 | D:4      | Reached skill level 6 in Long Blades
  2579 | D:4      | Noticed Natasha
  2588 | D:4      | Killed Natasha
  2702 | D:4      | Noticed Blork the orc
  2728 | D:4      | Killed Blork the orc
  2728 | D:4      | Reached skill level 4 in Evocations
  3295 | D:5      | Entered Level 5 of the Dungeon
  3384 | D:5      | Gained mutation: You have razor-sharp teeth. [Vine Stalker growth]
  3384 | D:5      | Reached XP level 8. HP: 30/38 MP: 12/12
  3420 | D:5      | Reached skill level 7 in Long Blades
  3474 | D:5      | Found a glowing drain.
  3476 | D:5      | Reached ** piety under Pakellas
  3476 | D:5      | Received a gift from Pakellas
  3494 | D:5      | Reached skill level 5 in Evocations
  3522 | Sewer    | Entered a sewer
  3731 | Sewer    | Reached *** piety under Pakellas
  3731 | Sewer    | Received a gift from Pakellas
  3831 | Sewer    | Reached skill level 2 in Fighting
  4318 | D:5      | Got a heavily runed iron amulet
  4319 | D:5      | Identified the amulet of Royalty {+Rage rPois rF++ rC+ MP-9} (You found it on level 5 of the Dungeon)
  4485 | D:6      | Found a staircase to the Ecumenical Temple.
  4628 | D:6      | Noticed PeterLawrence's ghost (novice MiFi)
  4644 | D:6      | Killed PeterLawrence's ghost
  4644 | D:6      | Reached skill level 3 in Fighting
  4644 | D:6      | Reached skill level 8 in Long Blades
  4644 | D:6      | Reached skill level 6 in Evocations
  4644 | D:6      | Reached XP level 9. HP: 44/44 MP: 5/14
  4714 | D:6      | Found a snail-covered altar of Cheibriados.
  4738 | D:5      | Reached skill level 1 in Stealth
  4890 | D:6      | Found a deep blue altar of Sif Muna.
  4902 | D:6      | Noticed Sigmund
  4906 | D:6      | Killed Sigmund
  5205 | D:7      | Found a sparkling altar of Nemelex Xobeh.
  5240 | D:7      | Reached skill level 2 in Stealth
  5325 | D:7      | Noticed Natasha
  5352 | D:7      | Reached skill level 7 in Evocations
  5383 | D:7      | Killed Natasha
  5527 | D:7      | Noticed Prince Ribbit
  5540 | D:7      | Killed Prince Ribbit
  5540 | D:7      | Reached skill level 4 in Fighting
  5540 | D:7      | Reached skill level 3 in Stealth
  5569 | D:7      | Reached **** piety under Pakellas
  5569 | D:7      | Received a gift from Pakellas
  5749 | D:7      | Reached skill level 9 in Long Blades
  5775 | D:7      | Noticed Natasha
  5783 | D:7      | Killed Natasha
  5836 | D:7      | Noticed Joseph
  5846 | D:7      | Killed Joseph
  5846 | D:7      | Reached skill level 4 in Stealth
  5846 | D:7      | Reached XP level 10. HP: 51/51 MP: 7/16
  6116 | D:7      | Noticed Pikel
  6204 | D:7      | Killed Pikel
  6204 | D:7      | Reached skill level 8 in Evocations
  6486 | D:8      | Found Zin's Purification Station.
  6489 | D:8      | Found a glowing silver altar of Zin.
  6580 | D:8      | Found a blossoming altar of Fedhas.
  6835 | D:8      | Reached ***** piety under Pakellas
  6835 | D:8      | Received a gift from Pakellas
  6976 | D:8      | Reached skill level 5 in Fighting
  6983 | D:8      | Reached skill level 5 in Stealth
  7140 | D:8      | Found a staircase to the Lair.
  7169 | D:8      | Reached skill level 10 in Long Blades
  7609 | Lair:1   | Entered Level 1 of the Lair of Beasts
  7729 | Lair:1   | Noticed a spiny frog
  7738 | Lair:1   | Killed a spiny frog
  7738 | Lair:1   | Reached XP level 11. HP: 53/56 MP: 9/18
  7792 | Lair:1   | Reached skill level 9 in Evocations
  7872 | Lair:1   | Reached skill level 6 in Stealth
  7872 | Lair:1   | Reached skill level 1 in Shields
  8636 | Lair:2   | Reached skill level 2 in Shields
  8774 | Lair:2   | Noticed a five-headed hydra
  9075 | Lair:2   | Killed a five-headed hydra
  9075 | Lair:2   | Reached skill level 6 in Fighting
  9075 | Lair:2   | Reached skill level 7 in Stealth
  9391 | Lair:2   | Noticed an eight-headed hydra
  9400 | Lair:2   | Killed an eight-headed hydra
  9470 | Lair:2   | Reached skill level 3 in Shields
  9696 | Lair:2   | Reached ****** piety under Pakellas
 10242 | D:9      | Reached skill level 10 in Evocations
 10256 | D:9      | Reached skill level 11 in Long Blades
 10401 | D:9      | Found a shattered altar of Ashenzari.
 10543 | D:9      | Found a white marble altar of Elyvilon.
 10760 | D:10     | Entered Level 10 of the Dungeon
 10858 | D:10     | Got a faintly glowing leather armour
 10871 | D:10     | Identified the cursed +0 leather armour of Disaster {*Corrode rElec rN+ Stlth+} (You found it on level 10 of the Dungeon)
 10919 | D:10     | Gained mutation: You regenerate. [Vine Stalker growth]
 10919 | D:10     | Reached XP level 12. HP: 41/61 MP: 11/20
 10922 | D:10     | Reached skill level 8 in Stealth
 10992 | D:10     | Learned a level 2 spell: Corpse Rot
 11387 | D:11     | Found a frozen archway.
 11391 | IceCv    | Entered an ice cave
 11589 | IceCv    | Noticed Turgon's ghost (journeyman HuTm)
 11639 | IceCv    | Killed Turgon's ghost
 11639 | IceCv    | Reached skill level 4 in Shields
 11752 | IceCv    | Found an ancient bone altar of Kikubaaqudgha.
 12156 | IceCv    | Killed from afar by a necromancer

Skill      XL: |  1  2  3  4  5  6  7  8  9 10 11 12 |
---------------+-------------------------------------+-----
Long Blades    | 2 3 4 5 6 8 9 10 11 | 11.6
Evocations     | 1 3 4 6 7 8 10 | 10.8
Fighting       | 3 4 5 6 |  6.9
Stealth        | 4 5 7 8 |  8.8
Shields        | 3 4 |  4.3
Throwing       | |  0.8
Armour         | |  0.7
Dodging        | |  1.5
Spellcasting   | |  2.1
Translocations | |  3.0

Action                   |  1- 3 |  4- 6 |  7- 9 | 10-12 || total
-------------------------+-------+-------+-------+-------++-------
Melee: Falchion          |    58 |    59 |    24 |       ||   141
       Bite              |    11 |    40 |   127 |   416 ||   594
       Dagger            |     9 |   102 |   374 |   131 ||   616
       Long sword        |       |       |    53 |   980 ||  1033
       Unarmed           |       |       |       |    32 ||    32
Throw: Tomahawk          |       |     3 |       |     5 ||     8
 Cast: Blink             |       |       |       |     1 ||     1
Invok: Quick Charge      |       |       |     6 |    18 ||    24
       Device Surge      |       |       |       |     2 ||     2
Evoke: Wand              |     1 |       |    10 |    58 ||    69
       Rod               |       |       |       |     8 ||     8
  Use: Scroll            |       |     8 |     3 |    11 ||    22
       Potion            |       |       |       |     1 ||     1
 Stab: Sleeping          |     1 |       |     2 |    23 ||    26
       Invisible         |     1 |       |       |       ||     1
       Paralysed         |       |       |    15 |   138 ||   153
       Distracted        |       |       |       |     2 ||     2
  Eat: Chunk             |     1 |     4 |    12 |    23 ||    40
       Royal jelly       |       |       |       |     1 ||     1
       Beef jerky        |       |       |       |     1 ||     1
Armor: Leather armour    |    21 |    24 |       |       ||    45
       Troll leather arm |       |    42 |   149 |   347 ||   538
Dodge: Dodged            |    48 |   114 |   259 |   581 ||  1002
